AoeStats
← 啊超

Oasis

507088856Analyzed
3v3 RM · 15d ago on Sep 16, 2026· 42m 12s· 6 players
Game mode
Random Map
Map size
Normal (6 player)
Population
200
Speed
Normal
Resources
Standard
Victory
Conquest
Starting age
Dark Age
Ending age
Imperial Age
RankedLock teamsTeams togetherTeam positionsShared explorationLock speedFull tech treeHidden civsTurbo modeCheats
Victory
Defeat
🇹🇼 Celts · Taiwan
1168
+15
🇨🇳 Goths · China
1144
+16
🇳🇱 Mongols · Netherlands
1123
+17
🇧🇪 Spanish · Belgium
1174
-17
🇩🇪 Maya · Germany
1159
-17
🇫🇮 Persians · Finland
1098
-14
啊超
2:16 Loom
12:53 Feudal Age
17:43 Castle Age
19:16 Elite Skirmisher
21:19 Double-Bit Axe
35:17 Imperial Age
33:34 Horse Collar
34:13 Anarchy
34:37 Forging
34:29 Scale Mail Armor
35:56 Iron Casting
37:07 Squires
39:17 Blast Furnace
37:52 Pikeman
40:40 Chemistry
39:34 Fletching
41:18 Ballistics
41:02 Bodkin Arrow
41:23 Chain Mail Armor
41:55 Bracer
板橋伐木工
0:27 Loom
11:25 Feudal Age
15:04 Castle Age
13:14 Double-Bit Axe
19:50 Fletching
25:02 Gambesons
28:58 Scale Mail Armor
33:46 Pikeman
34:45 Chain Mail Armor
35:05 Bow Saw
34:37 Horse Collar
44:36 Imperial Age
42:29 Gold Mining
42:32 Stone Mining
43:23 Wheelbarrow
zsole19
12:11 Feudal Age
16:01 Castle Age
15:15 Wheelbarrow
14:48 Double-Bit Axe
14:46 Horse Collar
17:38 Bow Saw
17:29 Heavy Plow
17:35 Loom
18:57 Hand Cart
21:50 Stone Mining
21:53 Gold Mining
24:49 Stone Mining
26:43 Gold Shaft Mining
26:44 Stone Shaft Mining
26:03 Town Watch
26:50 Fletching
27:00 Padded Archer Armor
32:20 Imperial Age
30:02 Forging
29:57 Scale Barding Armor
30:35 Scale Mail Armor
30:48 Bloodlines
30:15 Light Cavalry
32:05 Iron Casting
31:48 Bodkin Arrow
31:55 Elite Skirmisher
33:04 Leather Archer Armor
32:55 Capped Ram
33:58 Conscription
34:51 Blast Furnace
33:52 Pikeman
34:32 Squires
34:39 Bracer
34:03 Siege Ram
36:14 Chain Mail Armor
36:50 Heavy Camel Rider
39:04 Plate Mail Armor
38:54 Chain Barding Armor
42:20 Drill
anoran
10:36 Feudal Age
12:30 Horse Collar
12:40 Double-Bit Axe
17:39 Castle Age
19:41 Wheelbarrow
20:01 Loom
22:02 Hand Cart
23:04 Forging
23:10 Heavy Plow
25:51 Husbandry
29:42 Scale Barding Armor
30:16 Iron Casting
31:28 Chain Barding Armor
31:23 Bloodlines
35:25 Imperial Age
34:01 Fletching
36:26 Plate Barding Armor
36:52 Blast Furnace
36:16 Conscription
36:27 Elite War Elephant
38:53 Masonry
38:39 Murder Holes
HyWii
0:28 Loom
11:20 Feudal Age
12:38 Double-Bit Axe
17:39 Fletching
22:42 Castle Age
22:02 Horse Collar
22:47 Crossbowman
24:59 Bow Saw
chninane
4:04 Loom
10:36 Feudal Age
14:35 Castle Age
14:19 Double-Bit Axe
14:15 Horse Collar
20:28 Padded Archer Armor
26:02 Wheelbarrow
25:56 Leather Archer Armor
33:22 Imperial Age
33:37 Imperial Age
31:19 Bow Saw
31:10 Heavy Plow
31:04 Town Watch
32:58 Gold Mining
32:58 Stone Mining
33:02 Fletching
34:09 Bodkin Arrow
34:38 Hand Cart
36:09 Town Patrol
37:45 Chemistry
37:17 Ring Archer Armor
36:48 Bracer
37:11 Conscription
37:57 Forging
37:53 Scale Barding Armor
39:02 Two-Man Saw
38:22 Elite Conquistador
Connection lost

Rejoining the realm…

Still unreachable

The connection could not be restored.

Session expired

The server has moved on; the page needs a fresh start.